SAA
CHESAPEAKE CONTINENTALS @ BILLINGS POLAR BEARS
08/16/2027
 
TOP OF THE 1ST
Chesapeake Continentals batting - Pitching for Billings Polar Bears : RHP Loeck Visser
Pitching: RHP Loeck Visser
Batting: RHB Alberto Esquivel 0-0: Ball
1-0: Ball
2-0: Fly out, F9 (Flyball, 89M)
Batting: RHB Jouo Hirschovits 0-0: Ball
1-0: Called Strike
1-1: SINGLE (Groundball, 4MD)
Batting: RHB Juan Chávez 0-0: Ball
Jouo Hirschovits is caught stealing 2nd base
1-0: SINGLE (Groundball, 34D)
Batting: RHB Rudko Hrnjak 0-0: Called Strike
0-1: Fielders Choice at 2nd, 6-4 (Groundball, 6)
Top of the 1st over - 0 run(s), 2 hit(s), 0 error(s), 0 left on base; Chesapeake 0 - Billings 0
BOTTOM OF THE 1ST
Billings Polar Bears batting - Pitching for Chesapeake Continentals : RHP Francisco Sandoval
Pitching: RHP Francisco Sandoval
Batting: RHB José Báez 0-0: Ground out 4-3 (Groundball, 4)
Batting: RHB Jorge Noutel 0-0: Ball
1-0: Ball
2-0: Ball
3-0: Called Strike
3-1: Ground out 4-3 (Groundball, 4)
Batting: RHB Wu-shiun Wang 0-0: Called Strike
0-1: Ball
1-1: SINGLE (Groundball, 25) (infield hit)
Batting: LHB Alfred Miles 0-0: Ball
Wu-shiun Wang is caught stealing 2nd base
Bottom of the 1st over - 0 run(s), 1 hit(s), 0 error(s), 0 left on base; Chesapeake 0 - Billings 0
TOP OF THE 2ND
Chesapeake Continentals batting - Pitching for Billings Polar Bears : RHP Loeck Visser
Batting: RHB Stephen Crouch 0-0: Ball
1-0: Called Strike
1-1: Ground out 5-3 (Groundball, 56)
Batting: RHB Júlio Vargas 0-0: Called Strike
0-1: Ball
1-1: Reached on error, E6 (Groundball, 6M)
Batting: LHB Miguel Gazivoda 0-0: Fly out, F7 (Line Drive, 7)
Batting: RHB Dave Yates 0-0: Ball
1-0: SINGLE (Groundball, 6MD)
Júlio Vargas to second
Runner from 2nd tries for 3rd, SAFE, throw made to third
Dave Yates to second
Batting: RHB Marcos Alfaro 0-0: Ball
1-0: Ground out 5-3 (Groundball, 56S)
Top of the 2nd over - 0 run(s), 1 hit(s), 1 error(s), 2 left on base; Chesapeake 0 - Billings 0
BOTTOM OF THE 2ND
Billings Polar Bears batting - Pitching for Chesapeake Continentals : RHP Francisco Sandoval
Batting: LHB Alfred Miles 0-0: Ball
1-0: Ball
2-0: Called Strike
2-1: SINGLE (Line Drive, 8RS)
Batting: RHB Fernando Trinidad 0-0: Ball
1-0: Ball
2-0: Foul Ball, location: 2F
2-1: Foul Ball, location: 2F
2-2: Fly out, F9 (Flyball, 9)
Batting: RHB Matt Roloff 0-0: Foul Ball, location: 2F
0-1: Called Strike
0-2: Ball
1-2: Strikes out swinging
Batting: SHB Kel Altagracia 0-0: Ball
1-0: Ball
2-0: Called Strike
2-1: Called Strike
2-2: Strikes out swinging
Bottom of the 2nd over - 0 run(s), 1 hit(s), 0 error(s), 1 left on base; Chesapeake 0 - Billings 0
TOP OF THE 3RD
Chesapeake Continentals batting - Pitching for Billings Polar Bears : RHP Loeck Visser
Batting: RHB Alberto Esquivel 0-0: SINGLE (Groundball, 56S) (infield hit)
Batting: RHB Jouo Hirschovits 0-0: Ball
1-0: Foul Ball, location: 2F
1-1: Called Strike
Alberto Esquivel is caught stealing 2nd base
1-2: Foul Ball, location: 2F
1-2: Ball
2-2: Ball
3-2: Ground out 4-3 (Groundball, 4)
Batting: RHB Juan Chávez 0-0: Called Strike
0-1: Ball
1-1: Foul Ball, location: 2F
1-2: Ball
2-2: Foul Ball, location: 2F
2-2: Ball
3-2: Base on Balls
Batting: RHB Rudko Hrnjak 0-0: DOUBLE (Line Drive, 7D)
Juan Chávez to third
Runner from 3rd tries for Home, SAFE, no throw
Batting: RHB Stephen Crouch 0-0: Ball
1-0: Ball
2-0: Foul Ball, location: 2F
2-1: Ball
3-1: Foul Ball, location: 2F
3-2: Foul Ball, location: 2F
3-2: Base on Balls
Batting: RHB Júlio Vargas 0-0: Called Strike
0-1: Ball
1-1: Fly out, F9 (Flyball, 9S)
Top of the 3rd over - 1 run(s), 2 hit(s), 0 error(s), 2 left on base; Chesapeake 1 - Billings 0
BOTTOM OF THE 3RD
Billings Polar Bears batting - Pitching for Chesapeake Continentals : RHP Francisco Sandoval
Batting: RHB Javier Carretero 0-0: Ball
1-0: Ball
2-0: Called Strike
2-1: Ball
3-1: DOUBLE (Line Drive, 89D)
Batting: LHB Gary Malone 0-0: Foul Ball, location: 2F
0-1: Ball
1-1: Swinging Strike
1-2: Strikes out swinging
Batting: RHB José Báez 0-0: Ball
1-0: Ball
2-0: Ball
3-0: Called Strike
3-1: Foul Ball, location: 2F
3-2: Fly out, F4 (Popup, 34D)
Batting: RHB Jorge Noutel 0-0: Ball
1-0: Swinging Strike
1-1: Ball
2-1: Foul Ball, location: 2F
2-2: 2-RUN HOME RUN (Flyball, 7D), Distance : 371 ft
Batting: RHB Wu-shiun Wang 0-0: Foul Ball, location: 2F
0-1: Ground out 6-3 (Groundball, 6S)
Bottom of the 3rd over - 2 run(s), 2 hit(s), 0 error(s), 0 left on base; Chesapeake 1 - Billings 2
TOP OF THE 4TH
Chesapeake Continentals batting - Pitching for Billings Polar Bears : RHP Loeck Visser
Batting: LHB Miguel Gazivoda 0-0: SINGLE (Line Drive, 8RS)
Batting: RHB Dave Yates 0-0: Called Strike
0-1: Ball
1-1: Ball
2-1: Foul Ball, location: 2F
2-2: Strikes out looking
Batting: RHB Marcos Alfaro 0-0: Fielders Choice at 2nd, 5-4 (Groundball, 5)
Batting: RHB Alberto Esquivel 0-0: Ball
Marcos Alfaro steals 2nd base
1-0: Called Strike
1-1: Fly out, F8 (Flyball, 8RD)
Top of the 4th over - 0 run(s), 1 hit(s), 0 error(s), 1 left on base; Chesapeake 1 - Billings 2
BOTTOM OF THE 4TH
Billings Polar Bears batting - Pitching for Chesapeake Continentals : RHP Francisco Sandoval
Batting: LHB Alfred Miles 0-0: Ball
1-0: Called Strike
1-1: Ground out 4-3 (Groundball, 4)
Batting: RHB Fernando Trinidad 0-0: Ball
1-0: Swinging Strike
1-1: Foul Ball, location: 2F
1-2: Ball
2-2: Ball
3-2: Strikes out looking
Batting: RHB Matt Roloff 0-0: Called Strike
0-1: Ball
1-1: Ball
2-1: Foul Ball, location: 2F
2-2: Ball
3-2: Foul Ball, location: 2F
3-2: Foul Ball, location: 2F
3-2: Foul Ball, location: 2F
3-2: Base on Balls
Batting: SHB Kel Altagracia 0-0: Called Strike
0-1: Ball
1-1: Ball
2-1: Called Strike
2-2: Strikes out swinging
Bottom of the 4th over - 0 run(s), 0 hit(s), 0 error(s), 1 left on base; Chesapeake 1 - Billings 2
TOP OF THE 5TH
Chesapeake Continentals batting - Pitching for Billings Polar Bears : RHP Loeck Visser
Batting: RHB Jouo Hirschovits 0-0: Ball
1-0: Fly out, F9 (Flyball, 9LMF)
Batting: RHB Juan Chávez 0-0: Ball
1-0: Called Strike
1-1: Ball
2-1: Fly out, F9 (Flyball, 9)
Batting: RHB Rudko Hrnjak 0-0: Swinging Strike
0-1: Called Strike
0-2: Foul Ball, location: 2F
0-2: SOLO HOME RUN (Flyball, 7D), Distance : 394 ft
Batting: RHB Stephen Crouch 0-0: Ball
1-0: Called Strike
1-1: Ball
2-1: SINGLE (Groundball, 6MD)
Batting: RHB Júlio Vargas 0-0: Called Strike
0-1: 2-RUN HOME RUN (Flyball, 78XD), Distance : 425 ft
Batting: LHB Miguel Gazivoda 0-0: Ball
1-0: Swinging Strike
1-1: Ball
2-1: Fly out, F8 (Flyball, 8LD)
Top of the 5th over - 3 run(s), 3 hit(s), 0 error(s), 0 left on base; Chesapeake 4 - Billings 2
BOTTOM OF THE 5TH
Billings Polar Bears batting - Pitching for Chesapeake Continentals : RHP Francisco Sandoval
Batting: RHB Javier Carretero 0-0: Ground out 5-3 (Groundball, 56)
Batting: LHB Gary Malone 0-0: Ball
1-0: Swinging Strike
1-1: SINGLE (Flyball, 6MD)
Batting: RHB José Báez 0-0: Foul Ball, location: 2F
0-1: Ball
1-1: Foul Ball, location: 2F
1-2: Ground out 4-3 (Groundball, 34)
Gary Malone to second
Batting: RHB Jorge Noutel 0-0: Ball
1-0: Foul Ball, location: 2F
1-1: Foul Ball, location: 2F
1-2: Strikes out looking
Bottom of the 5th over - 0 run(s), 1 hit(s), 0 error(s), 1 left on base; Chesapeake 4 - Billings 2
TOP OF THE 6TH
Chesapeake Continentals batting - Pitching for Billings Polar Bears : RHP Loeck Visser
Batting: RHB Dave Yates 0-0: Called Strike
0-1: Ball
1-1: Foul Ball, location: 2F
1-2: Strikes out swinging
Batting: RHB Marcos Alfaro 0-0: Ball
1-0: Ball
2-0: Fly out, F1 (Line Drive, 13S)
Batting: RHB Alberto Esquivel 0-0: Foul Ball, location: 2F
0-1: Called Strike
0-2: Strikes out swinging
Top of the 6th over - 0 run(s), 0 hit(s), 0 error(s), 0 left on base; Chesapeake 4 - Billings 2
BOTTOM OF THE 6TH
Billings Polar Bears batting - Pitching for Chesapeake Continentals : RHP Francisco Sandoval
Batting: RHB Wu-shiun Wang 0-0: Called Strike
0-1: Ground out 3-1 (Groundball, 34)
Batting: LHB Alfred Miles 0-0: Ball
1-0: Called Strike
1-1: Ball
2-1: Foul Ball, location: 2F
2-2: SINGLE (Line Drive, 6MD)
Batting: RHB Fernando Trinidad 0-0: Ball
1-0: Ball
2-0: Foul Ball, location: 2F
2-1: Grounds into double play, 4-6-3 (Groundball, 4)
Bottom of the 6th over - 0 run(s), 1 hit(s), 0 error(s), 0 left on base; Chesapeake 4 - Billings 2
TOP OF THE 7TH
Chesapeake Continentals batting - Pitching for Billings Polar Bears : RHP Loeck Visser
Pitching: RHP Serafino Abreu
Batting: RHB Jouo Hirschovits 0-0: Called Strike
0-1: Ball
1-1: Ball
2-1: Ground out 6-3 (Groundball, 6)
Batting: RHB Juan Chávez 0-0: Foul Ball, location: 2F
0-1: Ball
1-1: Foul Ball, location: 2F
1-2: Foul Ball, location: 2F
1-2: SINGLE (Groundball, 56D)
Batting: RHB Rudko Hrnjak 0-0: Ball
1-0: Ball
2-0: Ball
3-0: Called Strike
3-1: Foul Ball, location: 2F
3-2: Base on Balls
Juan Chávez to second
Batting: RHB Stephen Crouch 0-0: Called Strike
0-1: Ball
1-1: Called Strike
1-2: DOUBLE (Line Drive, 78XD)
Juan Chávez scores
Rudko Hrnjak to third
Runner from 3rd tries for Home, throw and OUT!
Batting: RHB Júlio Vargas 0-0: Called Strike
0-1: Foul Ball, location: 2F
0-2: DOUBLE (Line Drive, 78M)
Stephen Crouch scores
Pitching: LHP Riemer Kos
Batting: LHB Miguel Gazivoda 0-0: Called Strike
0-1: Ball
1-1: Fly out, F9 (Flyball, 9LD)
Top of the 7th over - 2 run(s), 3 hit(s), 0 error(s), 1 left on base; Chesapeake 6 - Billings 2
BOTTOM OF THE 7TH
Billings Polar Bears batting - Pitching for Chesapeake Continentals : RHP Francisco Sandoval
Batting: RHB Matt Roloff 0-0: Ball
1-0: Foul Ball, location: 2F
1-1: SINGLE (Line Drive, 6MD)
Batting: SHB Kel Altagracia 0-0: Called Strike
Matt Roloff steals 2nd base
0-1: SINGLE (Groundball, 34S) (infield hit)
Matt Roloff to third
Pitching: RHP Eddie Schmitt
Batting: RHB Javier Carretero 0-0: Ball
1-0: Ball
2-0: Foul Ball, location: 2F
2-1: SINGLE (Groundball, 56) (infield hit)
Matt Roloff scores
Kel Altagracia to second
Batting: LHB Gary Malone 0-0: Ball
1-0: Called Strike
1-1: Fly out, F8 (Flyball, 8LD)
Batting: RHB José Báez 0-0: Called Strike
0-1: Ball
1-1: Ball
2-1: Ball
3-1: Base on Balls
Kel Altagracia to third
Javier Carretero to second
Pinch Hitting: LHB Víctor Fortis 0-0: Ball
1-0: Ball
2-0: Ball
3-0: Base on Balls
Kel Altagracia scores
Javier Carretero to third
José Báez to second
Batting: RHB Wu-shiun Wang 0-0: Called Strike
0-1: Foul Ball, location: 2F
0-2: Ball
1-2: Ball
2-2: Foul Ball, location: 2F
2-2: Foul Ball, location: 2F
2-2: SINGLE (Line Drive, 8LS)
Javier Carretero scores
José Báez to third
Víctor Fortis to second
Runner from 3rd tries for Home, throw and OUT!
Víctor Fortis to third
Wu-shiun Wang to second
Batting: LHB Alfred Miles 0-0: Ball
1-0: Swinging Strike
1-1: Foul Ball, location: 2F
1-2: Ball
2-2: Fly out, F6 (Popup, 6MS)
Bottom of the 7th over - 3 run(s), 4 hit(s), 0 error(s), 2 left on base; Chesapeake 6 - Billings 5
TOP OF THE 8TH
Chesapeake Continentals batting - Pitching for Billings Polar Bears : LHP Riemer Kos
Now at 3B: Lúcio Marín
Batting: RHB Dave Yates 0-0: Ball
1-0: Ball
2-0: Swinging Strike
2-1: Called Strike
2-2: Foul Ball, location: 2F
2-2: Strikes out looking
Batting: RHB Marcos Alfaro 0-0: Ball
1-0: Ball
2-0: Ball
3-0: Base on Balls
Pinch Hitting: RHB Ken Sandoval 0-0: Called Strike
0-1: Ball
1-1: Ball
2-1: Ground out 5-3 (Groundball, 56S)
Marcos Alfaro to second
Batting: RHB Jouo Hirschovits 0-0: Called Strike
0-1: Called Strike
0-2: DOUBLE (Flyball, 9LM)
Marcos Alfaro scores
Batting: RHB Juan Chávez 0-0: Called Strike
0-1: Ball
1-1: Called Strike
1-2: Strikes out swinging
Top of the 8th over - 1 run(s), 1 hit(s), 0 error(s), 1 left on base; Chesapeake 7 - Billings 5
BOTTOM OF THE 8TH
Billings Polar Bears batting - Pitching for Chesapeake Continentals : RHP Eddie Schmitt
Now at 2B: Ken Sandoval
Batting: RHB Fernando Trinidad 0-0: Foul Ball, location: 2F
0-1: Called Strike
0-2: Ball
1-2: Fly out, F8 (Flyball, 78D)
Pitching: RHP Brantford Winstworth III
Batting: RHB Matt Roloff 0-0: Ball
1-0: Ball
2-0: Called Strike
2-1: Ball
3-1: Foul Ball, location: 2F
3-2: Foul Ball, location: 2F
3-2: Foul Ball, location: 2F
3-2: Base on Balls
Pitching: LHP Héctor Rodríguez
Batting: SHB Kel Altagracia 0-0: Ball
1-0: Called Strike
1-1: Ball
2-1: Swinging Strike
2-2: Strikes out swinging
Pitching: RHP Obadiah Small
Batting: RHB Javier Carretero 0-0: Ball
1-0: Fielders Choice at 2nd, 4-6 (Groundball, 4)
Bottom of the 8th over - 0 run(s), 0 hit(s), 0 error(s), 0 left on base; Chesapeake 7 - Billings 5
TOP OF THE 9TH
Chesapeake Continentals batting - Pitching for Billings Polar Bears : LHP Riemer Kos
Pitching: RHP Jim Unknown
Batting: RHB Rudko Hrnjak 0-0: Ball
1-0: Called Strike
1-1: Ball
2-1: Swinging Strike
2-2: Foul Ball, location: 2F
2-2: Foul Ball, location: 2F
2-2: Ball
3-2: Foul Ball, location: 2F
3-2: Strikes out swinging
Batting: RHB Stephen Crouch 0-0: Foul Ball, location: 2F
0-1: Ground out 6-3 (Groundball, 6)
Batting: RHB Júlio Vargas 0-0: Foul Ball, location: 2F
0-1: Called Strike
0-2: Ball
1-2: Foul Ball, location: 2F
1-2: Ball
2-2: Foul Ball, location: 2F
2-2: Foul Ball, location: 2F
2-2: Strikes out swinging
Top of the 9th over - 0 run(s), 0 hit(s), 0 error(s), 0 left on base; Chesapeake 7 - Billings 5
BOTTOM OF THE 9TH
Billings Polar Bears batting - Pitching for Chesapeake Continentals : RHP Obadiah Small
Pitching: RHP Christian Mustard
Batting: LHB Gary Malone 0-0: Called Strike
0-1: Ball
1-1: DOUBLE (Line Drive, 78XD) - OUT at third base trying to stretch hit.
Batting: RHB José Báez 0-0: Ball
1-0: Fly out, F8 (Flyball, 89M)
Batting: RHB Lúcio Marín 0-0: Ball
1-0: Ball
2-0: Ball
3-0: Called Strike
3-1: SINGLE (Groundball, 34D)
Batting: RHB Wu-shiun Wang Balk!
Lúcio Marín to second
0-0: Called Strike
0-1: Ground out 6-3 (Groundball, 6)
Bottom of the 9th over - 0 run(s), 2 hit(s), 0 error(s), 1 left on base; Chesapeake 7 - Billings 5
Saturday, May 26th, 2018 - OOTP Baseball 17.12 Build 75